 Dungeon Crawl Stone Soup version 0.28.0-62-gf88900778d (webtiles) character file.

Game seed: 10854756645763687435

42 mopl the Bolt Thrower (level 3, -1/31 HPs)
             Began as a Hill Orc Hunter on Dec 20, 2023.
             Frozen to death by an endoplasm (5 damage)
             ... on level 2 of the Dungeon.
             The game lasted 00:01:06 (1120 turns).

mopl the Bolt Thrower (Hill Orc Hunter)             Turns: 1120, Time: 00:01:06

Health: -1/31      AC:  5    Str: 16    XL:     3   Next: 54%
Magic:  3/3        EV: 10    Int: 11    God:
Gold:   32         SH:  0    Dex: 11    Spells: 2/2 levels left

rFire   . . .      SeeInvis .   b - +0 short sword
rCold   . . .      Faith    .   (no shield)
rNeg    . . .      Spirit   .   i - +0 ring mail
rPois   .          Reflect  .   (no helmet)
rElec   .          Harm     .   (no cloak)
rCorr   .          Rampage  .   (no gloves)
Will    .....                   (no boots)
Stlth   +.........              (no amulet)
HPRegen 0.10/turn               (no ring)
MPRegen 0.08/turn               (no ring)

@: lethally poisoned (-1 -> -3)
A: no striking features
a: no special abilities


You were on level 2 of the Dungeon.
You visited 1 branch of the dungeon, and saw 2 of its levels.

You collected 32 gold pieces.

Inventory:

Hand Weapons
 a - a +1 hand crossbow
 b - a +0 short sword (weapon)
Missiles
 d - 20 bolts
Armour
 i - a +0 ring mail (worn)
Scrolls
 c - a scroll of enchant weapon {unknown}
 g - a scroll of noise {unknown}
 h - 2 scrolls of identify {unknown}
 j - 2 scrolls of acquirement {unknown}
 k - a scroll of fog {unknown}
Potions
 e - a potion of attraction {unknown}
 f - 2 potions of lignification {unknown}


   Skills:
 + Level 3.3 Fighting
 * Level 4.4 Crossbows
 - Level 1.5 Dodging
 - Level 0.7 Stealth


You had 2 spell levels left.
You didn't know any spells.
Your spell library was empty.

Dungeon Overview and Level Annotations

Branches:
Dungeon (2/15)

Altars:


Message History

You feel sick. The adder bites you but does no damage.
The kobold closely misses you. The adder bites you.
You are more poisoned.
The adder poisons you!
You barely miss the adder.
The adder is heavily wounded.
You feel very sick. The rat barely misses you.
The kobold hits you but does no damage. The adder completely misses you.
The rat misses you.
You hit the adder.
The adder is almost dead.
You feel sick. The kobold hits you with a +0 dagger.
The adder closely misses you. The endoplasm hits you.
The rat bites you but does no damage. The kobold hits you with a +0 dagger.
You are too injured to fight recklessly!
You are too injured to fight recklessly!
Unknown command.
You closely miss the adder.
The adder is almost dead.
You feel sick. The adder barely misses you. The endoplasm freezes you.
You are frozen.
* * * LOW HITPOINT WARNING * * *
The adder bites you.
* * * LOW HITPOINT WARNING * * *
The rat barely misses you. The kobold barely misses you.
You hit the adder.
You kill the adder!
You feel sick.
The endoplasm hits you but does no damage.
The rat barely misses you. The kobold hits you but does no damage.
Unknown command.
You feel sick.
Okay, then.
You hit the endoplasm.
The endoplasm is severely wounded.
You feel sick. The endoplasm freezes you.
You are frozen.
You die...

......##.....#
.......#...#########.#
##........... ..
#.......#... . .
##..........###.
.........)...)..
.............#
.............#
.......r@....#
.......J#...##
.........>..####
........#......## ####
..........####..####....
........#######...#..##.#
........##...............
.......<.....####...##.#
........##.. ##..#.#..#


You could see an endoplasm and a rat.

Vanquished Creatures
  2 adders (D:2)
  A bat (D:1)
  3 endoplasms
  A giant cockroach (D:1)
  A goblin (D:1)
  A hobgoblin (D:1)
  2 jackals (D:1)
  3 quokkas (D:1)
  A ball python (D:1)
  3 frilled lizards
  5 rats
23 creatures vanquished.

Notes
Turn   | Place    | Note
-------+----------+-------------------------------------------
     0 | D:1      | mopl the Hill Orc Hunter began the quest for the Orb.
     0 | D:1      | Reached XP level 1. HP: 18/18 MP: 1/1
   156 | D:1      | Reached XP level 2. HP: 20/25 MP: 2/2
   369 | D:1      | Reached skill level 4 in Crossbows
   885 | D:2      | Reached skill level 3 in Fighting
   906 | D:2      | Reached XP level 3. HP: 18/31 MP: 3/3
  1120 | D:2      | Frozen to death by an endoplasm

Illustrated notes

Levels and vault maps discovered:
D:1:      minmay_arrival_radiant_lines, layout_loops_corners, kennysheep_boxes
D:2:      layout_rooms, dreamdust_ecumenical_altar_grove, uniq_jessica,
          uniq_crazy_yiuf_cottage, uniq_natasha

Skill      XL: |  1  2 |
---------------+-------+-----
Crossbows      | 4 |  4.4
Fighting       | 3 |  3.3
Dodging        | |  1.5
Stealth        | |  0.7

Action                   || total
-------------------------++-------
Melee: Short sword       ||    81
       Punch             ||     1
Armor: Leather armour    ||    18
       Ring mail         ||    16
Dodge: Dodged            ||    49
